 Dungeon Crawl Stone Soup version 0.21-a0-450-gd87a9b2 (webtiles) character file.

29 brae the Ruffian (level 3, 24/29 HPs)
             Began as a Demonspawn Fighter on Nov 18, 2017.
             Quit the game on level 1 of the Dungeon.
             The game lasted 00:01:55 (1196 turns).

brae the Ruffian (Demonspawn Fighter)               Turns: 1196, Time: 00:01:56

Health: 24/29      AC:  6    Str: 17    XL:     3   Next: 1%
Magic:  3/3        EV:  9    Int:  9    God:
Gold:   32         SH:  0    Dex: 12    Spells: 2/2 levels left

rFire    . . .     SeeInvis .     - Unarmed
rCold    + . .     Gourm    .   (no shield)
rNeg     . . .     Faith    .   a - +0 scale mail
rPois    .         Spirit   .   (helmet restricted)
rElec    .         Reflect  .   (no cloak)
rCorr    .         Harm     .   (no gloves)
MR       .....                  (no boots)
Stlth    ..........             (no amulet)
HPRegen  0.09/turn              (no ring)
MPRegen  0.08/turn              (no ring)

@: no status effects
A: antennae 1, cold resistance 1
a: no special abilities


You were on level 1 of the Dungeon.
You were not hungry.

You visited 1 branch of the dungeon, and saw 2 of its levels.

You collected 32 gold pieces.

Inventory:

Armour
 a - a +0 scale mail (worn)
 b - a +0 shield
Potions
 c - a potion of might
 f - a potion of degeneration {unknown}
 g - a potion of curing {unknown}
 l - a potion of berserk rage {unknown}
Comestibles
 d - 2 bread rations
 j - a chunk of flesh


   Skills:
 - Level 3.0 Fighting
 - Level 2.6 Armour
 - Level 2.6 Shields
 + Level 3.2 Unarmed Combat


You had 2 spell levels left.
You didn't know any spells.

Dungeon Overview and Level Annotations

Branches:
Dungeon (2/15)

Altars:


Innate Abilities, Weirdness & Mutations

You have a pair of small antennae on your head.
Your flesh is cold resistant. (rC+)


Message History

You closely miss the leopard gecko. The leopard gecko bites you.
You take 4 damage, and have 20/24 hp.
You miss the leopard gecko. The leopard gecko bites you.
The leopard gecko closely misses you.
You barely miss the leopard gecko. The leopard gecko closely misses you.
You closely miss the leopard gecko. The leopard gecko barely misses you.
You hit the leopard gecko.
You kill the leopard gecko!
You have reached level 3!
Your experience leads to an increase in your attributes!
Increase (S)trength, (I)ntelligence, or (D)exterity?
You feel stronger.
Your demonic ancestry asserts itself...
A pair of antennae grows on your head!
You regained 4 hp, and now have 24/29 hp.
MP restored: 3
There is a stone staircase leading up here.
You climb upwards.
Some of the chunks of flesh in your inventory have rotted away.
There is a stone staircase leading down here.
Are you sure you want to abandon this character and quit the game? (Confirm with "yes".)

###...P..♣.#* #...♣♣P.### #######
....#.).###* #..P.♣.P..# #......
###.##### #..PP♣♣♣..# #.##### #
### ##### #.P♣♣♣♣P..#####.##### #
###...###...♣♣♣P...........## #
##......##.#..PP..#####......# #
##..........##.♣..)# #..##..# #
###....######.##...#.#####..##...
###....###
#.....6......).....###.# ......##
####.÷.)....♣.♣.♣.♣###.# .....##
####.....#......).... ...###
######♣..)..♣###.# ####
#.....#..... ♣.....♣.####
#.....#.# ♣#♣.♣#♣.# #...#.#


There were no monsters in sight!

Vanquished Creatures
  A dart slug (D:1)
  A leopard gecko (D:2)
  A giant cockroach (D:1)
  5 goblins (D:1)
  2 hobgoblins
  4 bats (D:1)
  2 frilled lizards (D:1)
  4 kobolds (D:1)
  8 rats (D:1)
28 creatures vanquished.

Notes
Turn   | Place    | Note
-------+----------+-------------------------------------------
     0 | D:1      | brae the Demonspawn Fighter began the quest for the Orb.
     0 | D:1      | Reached XP level 1. HP: 18/18 MP: 1/1
   316 | D:1      | Gained mutation: Your flesh is cold resistant. (rC+) [demonic ancestry]
   316 | D:1      | Reached XP level 2. HP: 18/24 MP: 2/2
  1191 | D:2      | Gained mutation: You have a pair of small antennae on your head. [demonic ancestry]
  1191 | D:2      | Reached XP level 3. HP: 24/29 MP: 3/3
  1196 | D:1      | Quit the game

Vault maps used:
D:1:      tarquinn_simple_flora_water_f, serial_forest,
          infiniplex_forest_lined_room_2, infiniplex_forest_lined_room_2,
          infiniplex_forest_end_2, infiniplex_forest_clump_long,
          infiniplex_forest_end_2, infiniplex_forest_clump_medium,
          infiniplex_forest_clump_double, infiniplex_forest_clump_curved,
          hangedman_decor_growths, hangedman_decor_lopped, kennysheep_doodads,
          eino_curves_02
D:2:      fedhas_altar_1, first_bread, mrwooster_statue_mirror, minmay_guardbox,
          uniq_natasha

Skill      XL: |  1  2 |
---------------+-------+-----
Unarmed Combat | 2 3 |  3.2
Fighting       | |  3.0
Armour         | |  2.6
Shields        | |  2.6

Action                   || total
-------------------------++-------
Melee: Unarmed           ||   121
  Use: Scroll            ||     4
  Eat: Chunk             ||     1
Armor: Scale mail        ||    46
Dodge: Dodged            ||    46

Table legend:
 A = Spawn XP
 B = Non-spawn XP
 C = Spawn XP percentage of total XP
 D = Spawn monster count
 E = Non-spawn monster count
 F = Spawn count percentage of total count
 G = Total turns spent on level
                    A         B        C        D         E        F      G
               +---------+---------+-------+---------+---------+-------+---------
         Total |       0 |      42 |   0.0 |       0 |      28 |   0.0 |  1196
               +---------+---------+-------+---------+---------+-------+---------
           D:1 |       0 |      37 |   0.0 |       0 |      26 |   0.0 |  1171
           D:2 |       0 |       5 |   0.0 |       0 |       2 |   0.0 |    25
               +---------+---------+-------+---------+---------+-------+---------
